Map: Post-Youth LE

Players

WizarD

  • Race: Terran Terran
  • League: Diamond
  • Spawn Location: 7:00

Solace - Winner!

  • Race: Zerg Zerg
  • League: Diamond
  • Spawn Location: 1:00

VOD

Have the link to the VOD?

Description

Time

  • Played on: Oct. 1, 2024, 9:27 a.m.
  • Length: 12:25
Show
View Real Time Build Order
Export as new Build Order

WizarD Terran 

Build Orders: Liberator Opening, Reaper Expand 

Get SALT Encoding   

  12  0:00  SCV  
  13  0:12  SCV  
  14  0:18  Supply Depot  
  14  0:25  SCV  
  15  0:39  SCV  
  15  0:42  Barracks  
  16  0:48  Refinery  
  16  0:51  SCV  
  17  1:03  SCV  
  18  1:16  SCV  
  19  1:31  Orbital Command  
  19  1:33  Reaper  
  20  1:41  Command Center  
  20  1:51  Refinery  
  20  1:57  Supply Depot, SCV  
  21  2:05  Marine  
  22  2:09  SCV  
  22  2:14  Factory  
  23  2:21  SCV  
  24  2:25  Barracks Reactor  
  24  2:34  SCV  
  25  2:46  SCV  
  26  2:57  Orbital Command  
  26  2:58  SCV  
  27  3:00  Factory Tech Lab  
  27  3:02  Marine x2  
  27  3:03  Starport  
  29  3:10  SCV  
  30  3:19  Barracks  
  30  3:22  Marine, SCV  
  30  3:23  Marine  
  33  3:29  SCV  
  34  3:35  SCV  
  34  3:38  Siege Tank  
  34  3:41  Liberator, SCV  
  42  3:45  Supply Depot  
  42  3:48  SCV  
  42  3:53  Supply Depot, SCV  
  44  4:00  SCV  
  45  4:05  SCV  
  46  4:16  SCV  
  47  4:17  SCV  
  47  4:22  Barracks Tech Lab  
  48  4:25  Barracks  
  48  4:27  Barracks  
  48  4:28  Barracks  
  48  4:30  Refinery, SCV  
  48  4:31  Refinery, SCV  
  50  4:43  SCV  
  51  4:48  Stimpack, Marine x2  
  51  4:49  Starport Reactor  
  53  4:57  Engineering Bay  
  53  4:58  Engineering Bay, SCV  
  53  4:59  SCV  
  55  5:00  Command Center  
  55  5:12  SCV x2  
  55  5:13  Marine x2  
  59  5:15  Barracks Tech Lab  
  59  5:17  Barracks Tech Lab  
  59  5:18  Barracks Tech Lab  
  59  5:24  SCV x2  
  61  5:31  Marine  
  61  5:33  Terran Infantry Armor Level 1, Terran Infantry Weapons Level 1  
  62  5:47  Marine  
  62  6:02  Supply Depot  
  62  6:04  Supply Depot  
  62  6:08  Supply Depot x2  
  62  6:11  SCV x2, Medivac x2, Marine x5  
  62  6:12  Marauder  
  75  6:24  Combat Shield, SCV  
  75  6:25  Concussive Shells  
  76  6:29  Marine x3  
  76  6:30  Marauder x2  
  83  6:37  Supply Depot x2  
  83  6:38  Supply Depot  
  83  6:39  Marauder  
  85  6:41  Supply Depot  
  85  6:43  Medivac  
  87  6:47  Marauder, Marine x2  
  91  7:01  Marine x3  
  92  7:03  Orbital Command  
  92  7:06  SCV  
  92  7:07  SCV  
  96  7:16  Armory  
  96  7:18  SCV  
  96  7:19  Armory, SCV  
  98  7:24  Marine  
  98  7:25  Siege Tank, Marine x3  
  105  7:31  SCV x2  
  105  7:33  Supply Depot  
  107  7:43  SCV x2  
  109  7:47  Marine x2  
  109  7:48  Marauder x2, Marine x2  
  117  7:58  Widow Mine  
  105  7:59  Medivac  
  105  8:02  Supply Depot  
  105  8:05  Marine x3  
  107  8:06  Marine  
  107  8:08  SCV  
  107  8:09  SCV x2  
  107  8:10  Marauder x2  
  118  8:17  Command Center, Terran Vehicle Weapons Level 1, Terran Infantry Weapons Level 2, Terran Vehicle And Ship Armor Level 1  
  118  8:18  Terran Infantry Armor Level 2  
  118  8:19  Siege Tank  
  121  8:21  SCV x2  
  121  8:23  Marine x4  
  121  8:26  Refinery  
  127  8:27  Refinery  
  127  8:40  Medivac  
  127  8:41  Medivac  
  131  8:42  Marine x2  
  133  8:50  Marine x4  
  133  8:51  Siege Tank  
  140  9:00  Marine  
  141  9:06  Marine  
  141  9:07  Marine  
  141  9:08  Marine x2  
  145  9:12  Starport  
  142  9:26  Marine  
  142  9:27  Marine x2  
  138  9:34  Marine x3  
  138  9:35  Siege Tank, Medivac  
  133  9:52  Missile Turret  
  133  9:58  Missile Turret x2, Marine x4  
  125  10:08  Starport Reactor  
  125  10:14  Marine x2  
  123  10:15  Marine  
  123  10:16  Marine x3  
  107  10:31  Marine  
  107  10:32  Marine  
  107  10:33  Marine  
  107  10:34  Marine x3  
  82  10:48  Starport Reactor  
  82  10:49  Marine x2  
  71  10:51  Siege Tank, Marine x3  
  71  10:52  Marine  
  79  11:07  Marine x2  
  79  11:09  Marine x4  
  85  11:12  SCV x3  
  88  11:21  Missile Turret  
  88  11:24  SCV x2  
  88  11:25  Missile Turret, Marine x2, SCV  
  92  11:27  Missile Turret, Marine x4  
  92  11:30  Missile Turret  
  92  11:32  Missile Turret  
  97  11:36  SCV  
  91  11:43  Marine x2  
  91  11:45  Marine x2  
  60  11:49  Marine x2  
  48  12:00  Marine  
  48  12:01  Marine  
  47  12:03  Marine x2  
Show
View Real Time Build Order
Export as new Build Order

Solace Zerg - Winner!

Build Orders: Hatch First 

Get SALT Encoding   

  12  0:00  Drone  
  13  0:14  Overlord  
  13  0:20  Drone  
  14  0:33  Drone x2  
  16  0:50  Hatchery  
  16  0:55  Drone  
  16  0:58  Drone  
  16  1:01  Drone  
  18  1:13  Extractor  
  17  1:19  Spawning Pool  
  17  1:22  Drone  
  17  1:24  Drone  
  18  1:30  Drone  
  19  1:43  Drone  
  20  1:51  Drone  
  21  2:05  Queen  
  21  2:06  Queen  
  21  2:07  Zergling x4  
  27  2:16  Overlord  
  27  2:26  Hatchery  
  26  2:31  Spore Crawler  
  25  2:40  Drone x2  
  25  2:41  Metabolic Boost  
  28  2:58  Drone  
  29  2:59  Queen  
  29  3:00  Overlord  
  29  3:01  Drone x2  
  29  3:02  Drone  
  29  3:04  Drone  
  35  3:12  Drone  
  36  3:19  Queen  
  38  3:21  Drone  
  38  3:26  Drone x3  
  38  3:27  Drone  
  43  3:30  Overlord  
  43  3:37  Queen  
  45  3:43  Overlord, Drone x2  
  47  3:51  Drone x3  
  47  3:52  Queen, Drone  
  53  3:59  Drone x2  
  55  4:03  Drone x3  
  55  4:05  Queen  
  60  4:12  Spore Crawler  
  60  4:24  Queen  
  60  4:30  Queen  
  64  4:33  Drone x2  
  66  4:45  Overlord x2  
  66  4:50  Overlord x2  
  66  4:54  Extractor x2  
  66  4:55  Baneling Nest  
  66  4:56  Lair  
  59  5:11  Drone x14  
  72  5:27  Extractor x2  
  70  5:37  Hatchery  
  69  6:00  Drone x9  
  78  6:05  Drone  
  78  6:06  Overlord, Drone x6, Spire  
  78  6:07  Overlord  
  84  6:13  Evolution Chamber  
  84  6:14  Drone  
  84  6:16  Evolution Chamber  
  83  6:22  Extractor  
  83  6:25  Centrifugal Hooks  
  82  6:26  Zergling x16  
  90  6:45  Drone  
  90  6:46  Zergling x14  
  97  6:56  Zerg Melee Weapons Level 1, Zerg Ground Armor Level 1  
  97  6:59  Drone x8  
  105  7:02  Extractor  
  105  7:06  Extractor  
  103  7:22  Drone x8  
  111  7:30  Baneling x9  
  110  7:58  Overlord x8  
  106  8:20  Hatchery  
  106  8:22  Mutalisk x15  
  135  8:36  Overseer  
  135  8:38  Pneumatized Carapace  
  135  8:41  Burrow  
  135  8:47  Extractor  
  134  8:58  Zerg Ground Armor Level 2, Zerg Melee Weapons Level 2  
  128  9:27  Zergling x2  
  128  9:28  Zergling x30  
  128  9:30  Zergling x32  
  160  9:35  Spine Crawler  
  160  9:37  Infestation Pit  
  159  9:42  Zergling x16  
  159  9:45  Baneling x13  
  167  10:01  Zergling x12  
  138  10:37  Zergling x32  
  138  10:42  Hive  
  143  10:46  Zergling x4  
  139  11:01  Baneling x31  
  139  11:02  Mutalisk x8  
  139  11:03  Mutalisk  
  157  11:06  Queen  
  159  11:16  Mutalisk x2  
  163  11:19  Overlord  
  163  11:20  Overlord x8  
  134  11:53  Mutalisk x5  
  134  11:54  Mutalisk x2  
Tags
 
Add a new tag
Caveats
  • Supply blocks, unpowered buildings, or Contaminate may cause inaccurate times.
  • Supply counts are checked every 10 seconds.